 Dungeon Crawl Stone Soup version 0.28-a0-794-gafe8c5f9e9 (webtiles) character file.

Game seed: 14070890837370116957

72 bande the Covered (level 4, -7/29 HPs)
             Began as a Gargoyle Fighter on Nov 6, 2021.
             Mangled by an ogre (19 damage)
             ... on level 6 of the Dungeon.
             The game lasted 00:03:13 (2316 turns).

bande the Covered (Gargoyle Fighter)                Turns: 2316, Time: 00:03:13

Health: -7/29      AC: 12    Str: 20    XL:     4   Next: 25%
Magic:  4/4        EV:  9    Int:  9    God:
Gold:   113        SH:  4    Dex:  9    Spells: 3/3 levels left

rFire   . . .      SeeInvis .   a - +1 war axe
rCold   . . .      Faith    .   c - +0 buckler
rNeg    + . .      Spirit   .   b - +0 scale mail
rPois   ∞          Reflect  .   g - +1 helmet
rElec   +          Harm     .   (no cloak)
rCorr   .          Rampage  .   (no gloves)
Will    .....                   (no boots)
Stlth   ..........              (no amulet)
HPRegen 0.09/turn               (no ring)
MPRegen 0.09/turn               (no ring)

@: studying Translocations
A: sickness immunity, AC +3, negative energy resistance 1, electricity
resistance, torment resistance 1, petrification resistance
a: no special abilities


You were on level 6 of the Dungeon.
You visited 1 branch of the dungeon, and saw 4 of its levels.

You collected 113 gold pieces.

Inventory:

Hand Weapons
 a - a +1 war axe (weapon)
Armour
 b - a +0 scale mail (worn)
 c - a +0 buckler (worn)
 g - a +1 helmet (worn)
Wands
 e - a wand of iceblast (4)
Potions
 d - a potion of might
 h - 3 potions of curing
 i - a potion of lignification {unknown}


   Skills:
 + Level 3.6 Fighting
 + Level 2.6 Axes
 + Level 4.0 Armour
 + Level 3.8 Shields
 * Level 0.9 Translocations


You had 3 spell levels left.
You didn't know any spells.
Your spell library contained the following spells:

 Spells                   Type           Power      Damage    Failure   Level
 Corpse Rot               Necr/Air       0%         N/A       86%         2
 Poisonous Vapours        Pois/Air       0%         N/A       86%         2


Dungeon Overview and Level Annotations

Branches:
Dungeon (3/15)

Altars:

Shops:
D:1 (


Innate Abilities, Weirdness & Mutations

You are immune to sickness and miasma.
Your stone body is resilient. (AC +3)
You are immune to poison.
You resist negative energy. (rN+)
You are resistant to electric shocks. (rElec)
You are resistant to unholy torment.
You are immune to petrification.


Message History

The shadow imp gestures at you. Pain shoots through your body!
You closely miss the shadow imp.
The shadow imp is almost dead.
The shadow imp hits you but does no damage.
You barely miss the shadow imp.
The shadow imp is almost dead.
The shadow imp gestures at you. Pain shoots through your body!
The shadow imp hits you but does no damage.
You closely miss the shadow imp.
The shadow imp is almost dead.
The shadow imp hits you but does no damage.
You slash the shadow imp!
You kill the shadow imp!
No target in view!
No target in view!
No target in view!
No target in view!
No target in view!
No target in view!
No target in view!
An ogre comes into view. It is wielding a +0 giant club.
You see here 12 gold pieces.
You now have 113 gold pieces (gained 12).
You slash the ogre!
The ogre is heavily wounded.
The ogre barely misses you.
You slash the ogre!
The ogre is almost dead.
The ogre hits you with a +0 giant club!
Ouch! That really hurt!
You barely miss the ogre.
The ogre is almost dead.
You block the ogre's attack.
You barely miss the ogre.
The ogre is almost dead.
The ogre hits you with a +0 giant club!!
Ouch! That really hurt!
You die...

.###......# #
.........#
#.##........##
#......?.....#
...........# ..
#.(....?.##..
##...........
.###............
.........@O........
....................
....................
....................
...........##.......
...........#........
...................
.........#....#..
##.#..........#


You could see an ogre.

Vanquished Creatures
  3 adders (D:2)
  A shadow imp (D:6)
  2 worms (D:2)
  A dart slug (D:1)
  4 endoplasms
  A giant cockroach (D:2)
  3 goblins (D:2)
  4 hobgoblins
  A kobold (D:1)
  A quokka (D:2)
  3 ball pythons (D:2)
  3 frilled lizards
  3 rats
30 creatures vanquished.

Notes
Turn   | Place    | Note
-------+----------+-------------------------------------------
     0 | D:1      | bande the Gargoyle Fighter began the quest for the Orb.
     0 | D:1      | Reached XP level 1. HP: 14/14 MP: 1/1
    53 | D:1      | Found Raseroy's Antique Weapon Shoppe.
   195 | D:1      | Found a faded altar of an unknown god.
   262 | D:1      | Reached XP level 2. HP: 19/19 MP: 2/2
  1286 | D:2      | Reached XP level 3. HP: 21/23 MP: 3/3
  1743 | D:2      | Identified a scroll of acquirement
  1743 | D:2      | Acquired a manual of Translocations
  1822 | D:2      | Reached skill level 4 in Armour
  1822 | D:2      | Reached XP level 4. HP: 25/29 MP: 4/4
  2212 | D:3      | You fall into a shaft and drop 3 floors!
  2308 | D:6      | Noticed an ogre
  2316 | D:6      | Mangled by an ogre

Illustrated notes

Levels and vault maps discovered:
D:1:      matt_arrival_los_fun, layout_rooms, serial_shops,
          nicolae_diamond_shop, basic_ecumenical_altar, kennysheep_minor_cross
D:2:      layout_basic
D:3:      layout_loops_corners, mainiacjoe_overflow_alcove_3, uniq_sigmund
D:6:      layout_cave_pools

Skill      XL: |  1  2  3 |
---------------+----------+-----
Axes           | 2 |  2.6
Armour         | 4 |  4.0
Fighting       | |  3.6
Shields        | |  3.8
Translocations | |  0.9

Action                   |  1- 3 |  4- 6 || total
-------------------------+-------+-------++-------
Melee: War axe           |    85 |    23 ||   108
  Use: Scroll            |     6 |       ||     6
Armor: Scale mail        |    39 |     9 ||    48
Dodge: Dodged            |    40 |     5 ||    45
Block: Buckler           |    21 |     4 ||    25

Table legend: (Time is in decaauts)
 A = Elapsed time spent in this place.
 B = Non-inter-level travel time spent in this place.
 C = Inter-level travel time spent in this place.
 D = Time resting spent in this place.
 E = Time spent auto-exploring this place.
 F = Levels seen in this place.
 G = Mean time per level.
                   A        B        C        D        E       F      G
               +--------+--------+--------+--------+--------+-----+--------+
         Total |   2358 |   2314 |     44 |    587 |   1400 |   4 |  589.5 |
       Dungeon |   2358 |   2314 |     44 |    587 |   1400 |   4 |  589.5 |
               +--------+--------+--------+--------+--------+-----+--------+

Top non-repeatable levels by time:
     D:2: 1710 daAuts
     D:1: 519 daAuts
     D:6: 107 daAuts
     D:3: 19 daAuts
